 Dungeon Crawl Stone Soup version 0.25-a0-1079-g858b6a6ff6 (webtiles) character file.

Game seed: 5120239890794092557, levelgen mode: deterministic

98 HoaS the Ruffian (level 4, 0/28 HPs)
             Began as a Gargoyle Gladiator on May 15, 2020.
             Slain by an orc wizard
             ... wielding a +0 dagger
              (2 damage)
             ... on level 3 of the Dungeon.
             The game lasted 00:05:25 (2091 turns).

HoaS the Ruffian (Gargoyle Gladiator)               Turns: 2091, Time: 00:05:25

Health: 0/28       AC: 11    Str: 18    XL:     4   Next: 71%
Magic:  4/4        EV: 11    Int:  8    God:
Gold:   98         SH:  0    Dex: 12    Spells: 3/3 levels left

rFire    . . .     SeeInvis .     - Unarmed
rCold    . . .     Gourm    .   (no shield)
rNeg     + . .     Faith    .   n - +0 ring mail
rPois    ∞         Spirit   .   b - +0 helmet
rElec    +         Reflect  .   e - +0 cloak
rCorr    .         Harm     .   (no gloves)
MR       .....                  (no boots)
Stlth    +.........             (no amulet)
HPRegen  0.09/turn              (no ring)
MPRegen  0.09/turn              (no ring)

@: slowed, very slow
A: negative energy resistance 1, electricity resistance, unbreathing,
petrification resistance, rot immunity, AC +3
a: no special abilities


You were on level 3 of the Dungeon.
You were not hungry.

You visited 1 branch of the dungeon, and saw 3 of its levels.

You collected 98 gold pieces.

Inventory:

Missiles
 c - 3 throwing nets (quivered)
Armour
 b - a +0 helmet (worn)
 e - a +0 cloak (worn)
 n - a +0 ring mail (worn)
Jewellery
 f - a +4 ring of protection {unknown}
 m - an uncursed amulet of reflection {unknown}
Scrolls
 a - a scroll of remove curse {unknown}
 g - a scroll of enchant armour {unknown}
 h - 3 scrolls of identify {unknown}
 k - a scroll of blinking {unknown}
 l - a scroll of teleportation {unknown}
Potions
 i - a potion of resistance {unknown}
Comestibles
 d - 5 rations
 j - a chunk of flesh


   Skills:
 + Level 3.2 Fighting
 - Level 1.7 Throwing
 + Level 2.0 Armour
 - Level 2.4 Dodging
 * Level 4.3 Unarmed Combat


You had 3 spell levels left.
You didn't know any spells.
Your spell library was empty.

Dungeon Overview and Level Annotations

Branches:
Dungeon (3/15)

Altars:
Zin


Innate Abilities, Weirdness & Mutations

You are resistant to torment.
Your stone body is resilient. (AC +3)
You are immune to poison.
You resist negative energy. (rN+)
You are resistant to electric shocks. (rElec)
You can survive without breathing.
You are immune to petrification.
You are immune to rotting.


Message History

You closely miss the orc wizard.
The orc wizard is moderately wounded.
The orc wizard hits you but does no damage. x2
You hit the orc wizard.
The orc wizard is moderately wounded.
The orc wizard is no longer moving quickly.
The orc wizard points at you and mumbles some strange words.
The magic dart hits you.
* * * LOW HITPOINT WARNING * * *
The orc wizard hits you but does no damage.
You closely miss the orc wizard.
The orc wizard is moderately wounded.
The orc wizard hits you but does no damage.
The orc wizard gestures at you while chanting.
The magic dart hits you.
* * * LOW HITPOINT WARNING * * *
You hit the orc wizard.
The orc wizard is heavily wounded.
The orc wizard hits you with a +0 dagger.
You die...

###########
#......<..#
#.#######.#
#.# # # #÷#
#.#### #.#
#....#####.#
####.......#
#(o@.#######
#.#### #)#
#..)# ##.##
#o .. .#.
.#.


You could see an orc wizard.

Vanquished Creatures
  An adder (D:2)
  2 oozes
  A worm (D:2)
  A dart slug (D:1)
  3 leopard geckos
  4 orcs (D:3)
  6 bats
  3 giant cockroaches
  10 goblins
  11 hobgoblins
  8 jackals (D:2)
  A quokka (D:2)
  3 frilled lizards
  4 kobolds
  3 rats
61 creatures vanquished.

Notes
Turn   | Place    | Note
-------+----------+-------------------------------------------
     0 | D:1      | HoaS the Gargoyle Gladiator began the quest for the Orb.
     0 | D:1      | Reached XP level 1. HP: 12/12 MP: 1/1
   259 | D:1      | Reached XP level 2. HP: 18/18 MP: 2/2
   358 | D:1      | Reached skill level 1 in Armour
   522 | D:1      | Reached XP level 3. HP: 22/22 MP: 3/3
  1379 | D:2      | Reached skill level 4 in Unarmed Combat
  1413 | D:2      | Reached XP level 4. HP: 24/27 MP: 4/4
  1735 | D:2      | Found a glowing silver altar of Zin.
  2091 | D:3      | Slain by an orc wizard

Illustrated notes

Levels and vault maps discovered:
D:1:      dpeg_arrival_tiny_c, layout_basic
D:2:      layout_loops_ring, zin_statuary
D:3:      layout_loops_ring, minmay_misc_feat_alley

Skill      XL: |  1  2  3  4 |
---------------+-------------+-----
Armour         | 1 2 |  2.0
Unarmed Combat | 4 |  4.3
Fighting       | 3 |  3.2
Throwing       | |  1.7
Dodging        | |  2.4

Action                   |  1- 3 |  4- 6 || total
-------------------------+-------+-------++-------
Melee: Unarmed           |   114 |    99 ||   213
       Punch             |     1 |     1 ||     2
 Stab: Sleeping          |     2 |       ||     2
  Eat: Chunk             |     2 |     2 ||     4
Armor: Leather armour    |    46 |     3 ||    49
       Ring mail         |       |    28 ||    28
Dodge: Dodged            |    59 |    61 ||   120

Table legend:
 A = Non-vault XP
 B = Vault XP
 C = Vault XP percentage of total XP
 D = Non-vault monster count
 E = Vault monster count
 F = Vault count percentage of total count
                 A         B        C        D         E       F
            +---------+---------+-------+---------+---------+-------
      Total |     141 |       0 |   0.0 |      61 |       0 |   0.0
            +---------+---------+-------+---------+---------+-------
        D:1 |      58 |       0 |   0.0 |      29 |       0 |   0.0
        D:2 |      67 |       0 |   0.0 |      24 |       0 |   0.0
        D:3 |      16 |       0 |   0.0 |       8 |       0 |   0.0
            +---------+---------+-------+---------+---------+-------
